 Dungeon Crawl Stone Soup version 0.19-a0-1920-g83281cb (webtiles) character file.

23 spe3d0 the Skirmisher (level 2, -2/26 HPs)
             Began as a Draconian Abyssal Knight on Oct 23, 2016.
             Was a Follower of Lugonu.
             Slain by an adder (5 damage)
             ... on level 2 of the Dungeon.
             The game lasted 00:05:09 (890 turns).

spe3d0 the Skirmisher (Draconian Abyssal Knight)     Turns: 890, Time: 00:05:10

Health: -2/26      AC:  4    Str: 14    XL:     2   Next: 75%
Magic:  3/3        EV:  9    Int: 12    God:    Lugonu [*.....]
Gold:   130        SH:  0    Dex: 10    Spells: 0 memorised, 1 level left

rFire  . . .     SeeInvis .     a - +1 short sword
rCold  . . .     Gourm    .     (armour unavailable)
rNeg   . . .     Faith    .     (no shield)
rPois  .         Spirit   .     (helmet restricted)
rElec  .         Reflect  .     (no cloak)
rCorr  .         Harm     .     (no gloves)
MR     .....                    (no boots)
Stlth  +.........               (no amulet)
                                (no ring)
                                (no ring)

@: lethally poisoned (-2 -> -13), constricted
A: unfitting armour, cold-blooded, AC +4
a: Depart the Abyss, Renounce Religion


You were on level 2 of the Dungeon.
You worshipped Lugonu.
Lugonu was aware of your devotion.
You were not hungry.

You visited 1 branch of the dungeon, and saw 2 of its levels.
You visited the Abyss 1 time.

You collected 130 gold pieces.

Inventory:

Hand Weapons
 a - a +1 short sword (weapon)
 k - a +2 dagger of flaming
   (You took it off a kobold on level 2 of the Dungeon)
Scrolls
 c - a scroll of identify {unknown}
 d - 2 scrolls of remove curse {unknown}
 e - a scroll of noise {unknown}
 j - a scroll of magic mapping {unknown}
Potions
 i - a potion of ambrosia {unknown}
Comestibles
 b - a bread ration
 f - a meat ration
 g - a fruit
 h - 2 beef jerkies


   Skills:
 - Level 3.2 Fighting
 * Level 2.6 Short Blades
 * Level 2.8 Dodging
 - Level 2.0 Invocations


You had one spell level left.
You didn't know any spells.

Dungeon Overview and Level Annotations

Branches:
Dungeon (2/15)

Altars:
Cheibriados


Innate Abilities, Weirdness & Mutations

Your plain brown scales are hard. (AC +4)
You cannot fit into any form of body armour.
You are cold-blooded and may be slowed by cold attacks.


Message History

You are more poisoned.
The adder poisons you!
A bat comes into view.
You hit the adder.
The adder is moderately wounded.
You feel sick. The adder bites you but does no damage.
You closely miss the adder.
The adder is moderately wounded.
The ball python completely misses you. The ball python misses you.
The adder closely misses you. The adder barely misses you.
The ball python bites you but does no damage.
The ball python closely misses you.
You closely miss the adder.
The adder is moderately wounded.
You feel sick. The adder bites you.
* * * LOW HITPOINT WARNING * * *
The ball python closely misses you. The ball python misses you.
You barely miss the adder.
The adder is moderately wounded.
You feel sick. The adder closely misses you.
The ball python closely misses you. The ball python grabs you.
* * * LOW HITPOINT WARNING * * *
The ball python constricts you.
You closely miss the ball python. The adder bites you.
* * * LOW HITPOINT WARNING * * *
The ball python bites you but does no damage.
The ball python constricts you.
You are too injured to fight recklessly!
You are too injured to fight recklessly!
You are too injured to fight recklessly!
You are too injured to fight recklessly!
You hit the adder.
The adder is severely wounded.
* * * LOW HITPOINT WARNING * * *
You feel sick. The adder bites you but does no damage.
The ball python barely misses you. The ball python constricts you.
The adder bites you.
* * * LOW HITPOINT WARNING * * *
You are more poisoned.
The adder poisons you!
You closely miss the adder.
The adder is severely wounded.
* * * LOW HITPOINT WARNING * * *
You feel sick. The ball python barely misses you.
The ball python constricts you. The adder barely misses you.
You hit the adder.
Your tail-slap misses the adder.
The adder is almost dead.
The ball python barely misses you. The ball python constricts you.
The adder bites you.
You die...

#....>.....#
#..........###.#
#..............##
###..........##....
.............# #..
....(........# #..
.............###b#
###.#.....###..SS# .#
#.##...###.###@###...#
#.##..###.## #........
#.##.#.#.## #.#######
#.##.##.## #.#
#.##.##.# #.#
###.......######.#
...##........##.#
###.##.######.##.#
............#<##.#


You could see an adder, a bat and a ball python.

Vanquished Creatures
  3 dart slugs
  A leopard gecko (D:1)
  2 giant cockroaches (D:1)
  A hobgoblin (D:2)
  2 bats
  A goblin (D:1)
  6 kobolds
  3 rats (D:1)
19 creatures vanquished.

Notes
Turn   | Place    | Note
-------+----------+-------------------------------------------
     0 | Abyss:1  | spe3d0 the Draconian Abyssal Knight began the quest for the Orb.
     0 | Abyss:1  | Reached XP level 1. HP: 19/19 MP: 2/2
     0 | Abyss:1  | Found a corrupted altar of Lugonu.
    65 | Abyss:1  | Noticed a small abomination
    67 | D:1      | Escaped the Abyss
   220 | D:1      | Reached * piety under Lugonu
   246 | D:1      | Reached XP level 2. HP: 26/26 MP: 3/3
   742 | D:2      | Found a snail-covered altar of Cheibriados.
   885 | D:2      | HP: 11/26 [adder (4)]
   888 | D:2      | HP: 4/26 [adder (2)]
   890 | D:2      | Slain by an adder

Vault maps used:
D:1:      enne_arrival_octagon_isle
D:2:      kennysheep_slug_shrine, minmay_misc_feat_chi, minmay_cupped

Action                   || total
-------------------------++-------
Melee: Short sword       ||    64
       Tailslap          ||     5
Invok: Depart the Abyss  ||     1
 Stab: Sleeping          ||     1
Armor: Skin              ||    31
Dodge: Dodged            ||    41
